 Dungeon Crawl Stone Soup version 0.31-a0-640-g39d97e502b (webtiles) character file.

Game seed: 4760564945114723370

366 rvierbuc the Chopper (level 6, -3/49 HPs)
             Began as a Demonspawn Berserker on Aug 27, 2023.
             Was a Believer of Trog.
             Slain by an ogre
             ... wielding a +0 giant club
              (25 damage)
             ... on level 4 of the Dungeon.
             The game lasted 00:06:21 (2621 turns).

rvierbuc the Chopper (Demonspawn Berserker)         Turns: 2621, Time: 00:06:22

Health: -3/49      AC: 10    Str: 20    XL:     6   Next: 40%
Magic:  6/6        EV:  8    Int:  8    God:    Trog [**....]
Gold:   165        SH:  0    Dex: 10    Spells: 5/5 levels left

rFire   + + +        t - +2 battleaxe "Arcanum" {heavy, +Blink rPois rF++ Dex-2}
rCold   . . .        (shield currently unavailable)
rNeg    . . .        p - +0 chain mail {rF+}
rPois   +            (helmet restricted)
rElec   .            (no cloak)
rCorr   .            (no gloves)
SInv    .            (no boots)
Will    .....        (no amulet) Stlth
                     (no ring)
HPRegen 0.28/turn    (no ring)
MPRegen 0.10/turn

%: no passive effects
@: no status effects
A: antennae 1, yellow scales 1, spiny 1
a: Renounce Religion, Evoke Blink, Berserk, Trog's Hand


You were on level 4 of the Dungeon.
You worshipped Trog.
Trog was pleased with you.
You visited 1 branch of the dungeon, and saw 4 of its levels.

You collected 165 gold pieces.

Inventory:

Hand Weapons
 a - a +0 hand axe
 t - the +2 battleaxe "Arcanum" (weapon) {heavy, +Blink rPois rF++ Dex-2}
   (You found it on level 4 of the Dungeon)

   Dex-2:     It affects your dexterity (-2).
   rF++:      It greatly protects you from fire.
   rPois:     It protects you from poison +Blink: It lets you blink.
Missiles
 s - 5 javelins
Armour
 m - a +0 chain mail
 n - the +1 robe "Othrohiu" {Drain rC++}
   (You found it on level 3 of the Dungeon)

   rC++:      It greatly protects you from cold.
   Drain:     It drains your maximum health when unequipped.
 p - a +0 chain mail of fire resistance (worn)
Wands
 k - a wand of flame (3)
 u - a wand of mindburst (7)
Scrolls
 d - 2 scrolls of teleportation {unknown}
 e - 2 scrolls of vulnerability {unknown}
 j - a scroll of summoning {unknown}
 o - a scroll of fog {unknown}
 r - a scroll of fear {unknown}
Potions
 b - 2 potions of brilliance {unknown}
 c - a potion of enlightenment {unknown}
 f - 2 potions of degeneration {unknown}
 g - 2 potions of heal wounds {unknown}
 h - a potion of magic {unknown}
 i - 2 potions of might {unknown}
 l - 2 potions of berserk rage {unknown}
 q - 2 potions of attraction {unknown}


   Skills:
 * Level 4.7 Fighting
 + Level 4.8 Axes
 + Level 2.4 Armour
 + Level 2.5 Dodging
 + Level 1.2 Stealth


You had 5 spell levels left.
You didn't know any spells.
Your spell library was empty.

Dungeon Overview and Level Annotations

Branches:
Dungeon (4/15)
 Temple: D:4-7

Altars:
Wu Jian

Shops:
D:2 ?


Innate Abilities, Weirdness & Mutations

You have a pair of small antennae on your head.
You are partially covered in yellow scales. (AC +2)
You are partially covered in sharp spines.


Message History

Trog accepts your kill.
No target in view!
An orc comes into view. It is wielding a +0 club.
Found 15 gold pieces.
The orc shouts!
You hear an angry hiss.
You hear a shout!
Blork the orc and a ball python come into view.
Blork the orc shouts!
The ball python hisses angrily.
You hear a shout!
Found a war axe.
Blork the orc hits you from afar with a +0 glaive.
An adder and an ogre come into view.
Found an ornate altar of the Wu Jian Council.
The adder hisses angrily.
The ogre shouts!
Blork the orc is struck by your spines. Blork the orc barely misses you.
You slice Blork the orc!!
You kill Blork the orc!
Trog accepts your kill.
Trog appreciates your killing of a magic user.
You slice the ball python!!
You kill the ball python!
Trog accepts your kill.
You closely miss the orc. The orc is struck by your spines.
The orc hits you with a +0 club. The orc is struck by your spines.
You kill the orc!
Trog accepts your kill.
Found a glowing silver altar of Zin.
The ogre is struck by your spines. The ogre hits you with a +0 giant club!
Things that are here:
a +0 glaive; a +0 robe; the orc corpse of Blork the orc You barely miss the ogre.
The ogre is lightly wounded.
You slice the adder!!
You kill the adder!
Trog accepts your kill. The ogre is struck by your spines.
The ogre hits you with a +0 giant club!
You are too injured to fight recklessly!
Unknown command.
You fail to use your ability.
The ogre is struck by your spines.
The ogre hits you with a +0 giant club!!
Ouch! That really hurt!
You die...

###...#
#...#.######## #
#..##....≈≈≈≈###
..
#..#####....≈...
... #..#
##≈≈≈≈..^ ....
#..# ####...
_....## #..#
####
8_.#..†##..#
......O@...#
..).#$..)...# #
##.......#
#........#
#..........#
#.......##...
........# ##.
##########


You could see an ogre.

Vanquished Creatures
  A phantom (D:4)
  Blork the orc (D:4)
  A scorpion (D:4)
  Jessica (D:3)
  An iguana (D:4)
  6 adders
  An ufetubus (D:4)
  A worm (D:2)
  6 orcs
  10 ball pythons
  4 bats
  7 endoplasms
  2 giant cockroaches
  2 goblins (D:1)
  5 hobgoblins
  2 quokkas
  7 frilled lizards
  5 kobolds
  6 rats
69 creatures vanquished.

Notes
Turn   | Place    | Note
-------+----------+-------------------------------------------
     0 | D:1      | rvierbuc the Demonspawn Berserker began the quest for the
                  | Orb.
     0 | D:1      | Reached XP level 1. HP: 18/18 MP: 1/1
   171 | D:1      | Gained mutation: You are partially covered in sharp spines.
                  | [demonic ancestry]
   171 | D:1      | Reached XP level 2. HP: 15/24 MP: 2/2
   658 | D:2      | Found Qyehopp's Magic Scroll Shoppe.
   757 | D:2      | Reached XP level 3. HP: 29/29 MP: 3/3
   786 | D:2      | Found a faded altar of an unknown god.
   980 | D:2      | Reached ** piety under Trog
  1341 | D:3      | Identified the +1 robe "Othrohiu" {Drain rC++}
  1366 | D:3      | Gained mutation: You are partially covered in yellow
                  | scales. (AC +2) [demonic ancestry]
  1366 | D:3      | Reached XP level 4. HP: 37/37 MP: 4/4
  1756 | D:3      | Noticed Jessica
  1762 | D:3      | Killed Jessica
  2256 | D:4      | Identified the +2 battleaxe "Arcanum" {heavy, +Blink rPois
                  | rF++ Dex-2}
  2276 | D:4      | Reached XP level 5. HP: 42/42 MP: 5/5
  2353 | D:4      | Reached skill level 1 in Stealth
  2458 | D:4      | Noticed a phantom
  2464 | D:4      | Killed a phantom
  2465 | D:4      | Gained mutation: You have a pair of small antennae on your
                  | head. [demonic ancestry]
  2465 | D:4      | Reached XP level 6. HP: 39/49 MP: 6/6
  2615 | D:4      | Noticed Blork the orc
  2617 | D:4      | Found an ornate altar of the Wu Jian Council.
  2618 | D:4      | Killed Blork the orc
  2621 | D:4      | Slain by an ogre

Illustrated notes

Levels and vault maps discovered:
D:1:      dpeg_arrival_arbitrary_b, layout_rooms, minmay_misc_feat_enclosed,
          serial_bayou_crossing
D:2:      layout_basic, serial_shops, shop, nicolae_ecumenical_lake_church
D:3:      layout_loops_corners, chequers_garden, amcnicky_mini_pool_small,
          minmay_randomly_rotated_circles, uniq_jessica
D:4:      layout_layer_cave, chequers_temple_overflow_statue_of_worship,
          chequers_serial_rivers_micro_d, nicolae_nh_oracle_at_delphi,
          uniq_blork_the_orc

Skill      XL: |  1  2  3  4  5 |
---------------+----------------+-----
Axes           | 3 4 |  4.8
Armour         | 2 |  2.4
Dodging        | 2 |  2.5
Fighting       | 4 |  4.7
Stealth        | 1 |  1.2

Action                     |  1- 3 |  4- 6 || total
---------------------------+-------+-------++-------
  Melee: Hand axe          |    72 |    34 ||   106
         Battleaxe         |       |    16 ||    16
 Invoke: Berserk           |     2 |     1 ||     3
 Armour: Animal skin       |    12 |       ||    12
         Chain mail        |     2 |    24 ||    26
  Dodge: Dodged            |    41 |    27 ||    68

Table legend: (Time is in decaauts)
 A = Elapsed time spent in this place.
 B = Non-inter-level travel time spent in this place.
 C = Inter-level travel time spent in this place.
 D = Time resting spent in this place.
 E = Time spent auto-exploring this place.
 F = Levels seen in this place.
 G = Mean time per level.
                   A        B        C        D        E       F      G
               +--------+--------+--------+--------+--------+-----+--------+
         Total |   2694 |   2586 |    108 |    141 |   2007 |   4 |  673.5 |
       Dungeon |   2694 |   2586 |    108 |    141 |   2007 |   4 |  673.5 |
               +--------+--------+--------+--------+--------+-----+--------+

Top non-repeatable levels by time:
     D:3: 906 daAuts
     D:2: 718 daAuts
     D:1: 627 daAuts
     D:4: 441 daAuts
